 Dungeon Crawl Stone Soup version 0.30-a0-373-gd37427bb62 (webtiles) character file.

Game seed: 2846839490615132648

499 qeuew the Trooper (level 6, -3/49 HPs)
             Began as a Demonspawn Chaos Knight on Nov 24, 2022.
             Was an Initiate of Yredelemnul.
             Constricted to death by a naga (4 damage)
             ... on level 4 of the Dungeon.
             The game lasted 00:05:19 (2425 turns).

qeuew the Trooper (Demonspawn Chaos Knight)         Turns: 2425, Time: 00:05:20

Health: -3/49      AC: 10    Str: 14    XL:     6   Next: 94%
Magic:  6/6        EV:  9    Int: 14    God:    Yredelemnul [......]
Gold:   137        SH:  4    Dex: 12    Spells: 5/5 levels left

rFire   . . .      SeeInvis .    a - +0 hand axe (chaos)
rCold   . . .      Faith    .    (no shield)
rNeg    . . .      Spirit   .    b - +3 leather armour
rPois   .          Reflect  .    (helmet restricted)
rElec   .          Harm     .    (no cloak)
rCorr   .          Rampage  .    (no gloves)
Will    .....                    (no boots)
Stlth   +.........               (no amulet)
HPRegen 0.28/turn                (no ring)
MPRegen 0.10/turn                (no ring)

@: constricted, unable to drink
A: antennae 1, icemail 1, condensation shield, screaming 1, inability to drink
after injury 1
a: Renounce Religion, Recall Undead Harvest


You were on level 4 of the Dungeon.
You worshipped Yredelemnul.
Yredelemnul was noncommittal.
You visited 1 branch of the dungeon, and saw 4 of its levels.

You collected 137 gold pieces.

Inventory:

Hand Weapons
 a - a +0 hand axe of chaos (weapon)
Armour
 b - a +3 leather armour (worn)
Jewellery
 d - a +4 ring of protection
Scrolls
 f - a scroll of torment
 g - a scroll of amnesia
 i - 3 scrolls of enchant armour
Potions
 e - a potion of haste
 j - a potion of berserk rage
 m - 2 potions of brilliance
Miscellaneous
 c - a piece from Xom's chessboard (14/15) (quivered)


   Skills:
 + Level 4.4 Fighting
 + Level 4.0 Axes
 + Level 3.4 Armour
 + Level 2.9 Dodging
 + Level 2.9 Evocations


You had 5 spell levels left.
You didn't know any spells.
Your spell library contained the following spells:

 Spells                   Type           Power      Damage    Failure   Level
 Inner Flame              Hex/Fire       0%         N/A       71%         3
 Flame Wave               Conj/Fire      0%         2d4       98%         4
 Sticky Flame             Conj/Fire      0%         2d3       98%         4


Dungeon Overview and Level Annotations

Branches:
Dungeon (4/15)
 Temple: D:4-7

Altars:
Vehumet
Yredelemnul

Annotations:
Abyss:1 Grinder


Innate Abilities, Weirdness & Mutations

You have a pair of small antennae on your head.
A meltable icy envelope protects you from harm. (AC +4)
A meltable shield of frost defends you. (SH +4)
You occasionally shout uncontrollably at your foes.
You occasionally lose the ability to drink potions when taking damage.


Message History

Something grabs your scorpion zombie.
Your scorpion zombie is constricted.
You feel sick. Something hits your scorpion zombie!
Your scorpion zombie is constricted.
Non-targeted evoke: piece from Xom's chessboard (15/15)
Press: ? - help, Q - select action, (/) - cycle Dir - look around, f - activate You can't see anything.
Try to make a move anyway?
You make a move on Xom's chessboard...
Nothing appears to happen.
You feel sick.
Something hits your scorpion zombie but does no damage.
Your scorpion zombie is constricted.
Your scorpion zombie is destroyed!
You feel sick.
You are no longer poisoned.
You swap places.
Something hits your goblin zombie.
Something closely misses your goblin zombie.
Your ball python zombie misses something.
Something hits your goblin zombie. Something grabs your goblin zombie.
Your goblin zombie is constricted.
Your goblin zombie is destroyed!
Something closely misses your ball python zombie.
Something grabs your ball python zombie.
Your ball python zombie is constricted.
Something hits your ball python zombie!
Your ball python zombie is destroyed!
You swap places.
You miss something. Something hits you!
You feel threatened and lose the ability to drink potions!
* * * LOW HITPOINT WARNING * * *
Something completely misses you.
You miss something. Something barely misses you. Something grabs you.
You are constricted.
* * * LOW HITPOINT WARNING * * *
You miss something.
You hear a spitting sound.
A splash of poison appears from out of thin air!
The splash of poison misses you.
The splash of poison hits Blork.
Blork completely resists.
You are constricted.
You die...
Your body rises from the dead as a mindless zombie.

#############
#.............
###...#...#...#
#..Z@{.........
##.#...#...#...#
###...............
#....############
### #.####
##.#####.#
#Z#...ZZ.#
##.####### #.#


You could see the friendly Blork the orc zombie.

Vanquished Creatures
  Blork the orc (D:4)
  A scorpion (D:4)
  Crazy Yiuf (D:3)
  A jelly (D:4)
  4 gnolls (D:3)
  3 adders
  A worm (D:2)
  2 dart slugs
  An orc (D:3)
  5 ball pythons
  9 endoplasms
  4 giant cockroaches
  4 hobgoblins
  2 quokkas
  7 bats
  2 frilled lizards
  2 goblins
  5 kobolds
  5 rats
60 creatures vanquished.

Vanquished Creatures (collateral kills)
  A goblin (D:4)
  A kobold (D:2)
  A frilled lizard (D:2)
3 creatures vanquished.

Vanquished Creatures (others)
  A scorpion zombie (D:4)
  A bat zombie (D:3)
  A ball python zombie (D:4)
  An endoplasm zombie (D:2)
  A goblin zombie (D:4)
  4 toadstools (D:1)
9 creatures vanquished.

Grand Total: 72 creatures vanquished

Notes
Turn   | Place    | Note
-------+----------+-------------------------------------------
     0 | D:1      | qeuew the Demonspawn Chaos Knight began the quest for the
                  | Orb.
     0 | D:1      | Reached XP level 1. HP: 18/18 MP: 1/1
    32 | D:1      | Reached skill level 1 in Dodging
    99 | D:1      | XOM: silly message
   119 | D:1      | Gained mutation: You have a pair of small antennae on your
                  | head. [demonic ancestry]
   119 | D:1      | Reached XP level 2. HP: 24/24 MP: 2/2
   329 | D:1      | XOM: silly message
   345 | D:1      | XOM: silly message
   410 | D:1      | XOM: silly message
   523 | D:1      | Found a faded altar of an unknown god.
   527 | D:1      | Prayed at the altar of an unknown god.
   527 | D:1      | Fell from the grace of Xom
   527 | D:1      | Became a worshipper of Yredelemnul the Dark
   527 | D:1      | Reached * piety under Yredelemnul
   589 | D:2      | Reached skill level 1 in Evocations
   589 | D:2      | Reached XP level 3. HP: 29/29 MP: 0/3
   720 | D:2      | Identified the +7 dagger of the Evil Eye {holy, rPois
                  | Str+5}
   735 | D:2      | XOM: cast spell 'Dispersal'
  1244 | D:3      | Found a radiant altar of Vehumet.
  1253 | D:3      | Noticed Grinder
  1259 | D:3      | Gained mutation: A meltable shield of frost defends you.
                  | (SH +4) [demonic ancestry]
  1259 | D:3      | Reached XP level 4. HP: 32/35 MP: 4/4
  1261 | D:3      | Paralysed by Grinder for 3 turns
  1268 | D:3      | Banished Grinder
  1269 | D:3      | Gained mutation: A meltable icy envelope protects you from
                  | harm. (AC +4) [demonic ancestry]
  1269 | D:3      | Reached XP level 5. HP: 42/42 MP: 5/5
  1392 | D:3      | XOM: torment (22/42 hp)
  1538 | D:3      | Reached XP level 6. HP: 43/48 MP: 6/6
  1546 | D:3      | HP: 1/48 [something (5)]
  1566 | D:3      | Reached ** piety under Yredelemnul
  1609 | D:3      | XOM: give mutations
  1609 | D:3      | Gained mutation: You occasionally lose the ability to drink
                  | potions when taking damage. [Xom's mischief]
  1609 | D:3      | Gained mutation: You occasionally shout uncontrollably at
                  | your foes. [Xom's mischief]
  1771 | D:3      | Found a runed translucent door.
  1772 | D:3      | Noticed Crazy Yiuf
  1949 | D:3      | Killed Crazy Yiuf
  2112 | D:4      | XOM: 4-stop teleportation journey
  2128 | D:4      | Noticed Blork the orc
  2138 | D:4      | Killed Blork the orc
  2404 | D:4      | a giant cockroach changed into a naga
  2404 | D:4      | Noticed a naga
  2404 | D:4      | XOM: polymorph giant cockroach -> naga
  2423 | D:4      | HP: 2/49 [something (10)]
  2425 | D:4      | Constricted to death by a naga

Illustrated notes

Levels and vault maps discovered:
D:1:      ldierk_walled_garden_2, layout_rooms,
          shapermc_ecumenical_altar_mp_vishouse
D:2:      layout_basic
D:3:      layout_rooms, nicolae_vehumet_radiance, uniq_grinder,
          uniq_crazy_yiuf_cottage
D:4:      layout_loops_ring, lemuel_coloured_pillars_altar, elyvilon_altar_3,
          nicolae_overflow_hidden_temple, uniq_blork_the_orc

Skill      XL: |  1  2  3  4  5  6 |
---------------+-------------------+-----
Dodging        | 1 2 |  2.9
Armour         | 2 3 |  3.4
Axes           | 3 4 |  4.0
Evocations     | 1 2 |  2.9
Fighting       | 4 |  4.4

Action                   |  1- 3 |  4- 6 || total
-------------------------+-------+-------++-------
Melee: Hand axe          |    87 |    92 ||   179
       Punch             |       |     1 ||     1
Invok: Recall Undead Har |     1 |     1 ||     2
Evoke: Piece from Xom's  |       |     1 ||     1
  Use: Scroll            |     9 |     1 ||    10
       Potion            |       |     3 ||     3
 Stab: Distracted        |     1 |       ||     1
       Sleeping          |     1 |       ||     1
       Paralysed         |       |     1 ||     1
Armor: Leather armour    |    34 |    41 ||    75
Dodge: Dodged            |    52 |    53 ||   105
Block: Other             |       |    14 ||    14

Table legend: (Time is in decaauts)
 A = Elapsed time spent in this place.
 B = Non-inter-level travel time spent in this place.
 C = Inter-level travel time spent in this place.
 D = Time resting spent in this place.
 E = Time spent auto-exploring this place.
 F = Levels seen in this place.
 G = Mean time per level.
                   A        B        C        D        E       F      G
               +--------+--------+--------+--------+--------+-----+--------+
         Total |   2456 |   2358 |     98 |      4 |   1896 |   4 |  614.0 |
       Dungeon |   2456 |   2358 |     98 |      4 |   1896 |   4 |  614.0 |
               +--------+--------+--------+--------+--------+-----+--------+

Top non-repeatable levels by time:
     D:3: 823 daAuts
     D:2: 604 daAuts
     D:1: 581 daAuts
     D:4: 447 daAuts
